 Dungeon Sprint DCSS version 0.31-a0-851-g7ff8af7976 (webtiles) character file.

Game seed: 11876702254312586216

978 sircluck the Grappler (level 7, 0/83 HPs)
             Began as a Troll Berserker on Oct 5, 2023.
             Was a Priest of Trog.
             Slain by an orange demon (10 damage)
             ... summoned by a kobold demonologist
             ... in the Dungeon (Sprint I: "Red Sonja").
             The game lasted 00:00:51 (250 turns).

sircluck the Grappler (Troll Berserker)              Turns: 250, Time: 00:00:51

Health: 0/83       AC:  4    Str: 28    XL:     7   Next: 95%
Magic:  6/6        EV: 12    Int:  3    God:    Trog [***...]
Gold:   405        SH:  0    Dex:  9    Spells: 6/6 levels left

rFire   . .          .
                       - Unarmed
rCold   . . .        (no shield)
rNeg    . . .        i - +0 robe {Will+}
rPois   .            (helmet restricted)
rElec   .            (no cloak)
rCorr   .            (gloves unavailable)
SInv    .            (boots unavailable)
Will    +....        j - amulet of the acrobat
Stlth   +            (no ring)
HPRegen 1.13/turn    (no ring)
MPRegen 0.10/turn

%: no teleportation, acrobat
@: lethally poisoned (0 -> -2)
A: large, unfitting armour, claws 3, regeneration 1, shaggy fur 1, tough skin 1
a: Renounce Religion, Berserk, Trog's Hand


You were in the Dungeon.
You worshipped Trog.
Trog was most pleased with you.
You visited 1 branch You collected 405 gold pieces.

Inventory:

Armour
 a - a +0 animal skin
 i - a +0 robe of willpower (worn)
Jewellery
 j - an amulet of the acrobat (around neck)
Wands
 h - a wand of polymorph (4)
 k - a wand of paralysis (7)
Scrolls
 g - a scroll of blinking
Potions
 b - a potion of curing
 c - a potion of heal wounds
 d - a potion of haste
 e - 2 potions of magic
 f - a potion of berserk rage


   Skills:
 + Level 9.0 Fighting
 + Level 8.8 Dodging
 + Level 10.5 Unarmed Combat


You had 6 spell levels left.
You didn't know any spells.
Your spell library was empty.

Dungeon Overview and Level Annotations

Branches:
Dungeon (1/1)

Altars:
Cheibriados
Dithmenos
Elyvilon
Fedhas
Gozag
Hepliaklqana
Kikubaaqudgha
Makhleb
Nemelex Xobeh
Okawaru
Qazlal
Ru
Sif Muna
Trog
Uskayaw
Vehumet
Wu Jian
Xom
Yredelemnul
Zin
The Shining One
Jiyva
Lugonu

Shops:
D =


Innate Abilities, Weirdness & Mutations

You are too large for most types of armour.
You have claws for hands.
Your natural rate of healing is unusually fast.
You are covered in fur. (AC +1)
You have tough skin. (AC +1)


Message History

The kobold demonologist hits you but does no damage.
Your Fighting skill increases to level 9!
You scratch the kobold demonologist.
The kobold demonologist is lightly wounded.
You feel very sick. The orange demon misses you.
The hellwing hits you but does no damage. x2
You barely miss the kobold demonologist.
The kobold demonologist is lightly wounded.
You feel very sick.
The kobold demonologist mumbles some strange words.
The orange demon stings you but does no damage.
The hellwing closely misses you. The hellwing hits you.
You mangle the kobold demonologist!!
The kobold demonologist is heavily wounded.
You feel very sick.
The kobold demonologist closely misses you.
The orange demon completely misses you.
You scratch the kobold demonologist.
The kobold demonologist is severely wounded.
You feel very sick. The hellwing closely misses you. The hellwing hits you.
The orange demon stings you!
* * * LOW HITPOINT WARNING * * *
The orange demon hits you but does no damage.
The kobold demonologist casts a spell.
You barely miss the kobold demonologist.
The kobold demonologist is severely wounded.
You feel sick. The orange demon barely misses you.
The hellwing barely misses you.
The hellwing hits you but does no damage.
The orange demon stings you.
* * * LOW HITPOINT WARNING * * *
The orange demon hits you.
* * * LOW HITPOINT WARNING * * *
The kobold demonologist hits you but does no damage.
You claw the kobold demonologist!
The kobold demonologist is almost dead.
You feel sick. The orange demon stings you from afar!
You die...

#####################
.)..#..'..#__#.4@45.#
.#..').#..'..'..#K4.#
###'#####'#__####...+
##..#...#.#### ####
_####..##.#
____##'#_.+
.∩...†..._#
..__##_.#'#
____###+#[#


You could see 2 orange demons, a hellwing (summoned), a kobold demonologist and
an ufetubus (summoned).

Vanquished Creatures
  A kobold demonologist (D)
  Sigmund (D)
  A slime creature (D)
  A yak (D)
  A floating eye (D)
  An ogre (D)
  A jelly (D)
  Ijyb (D)
8 creatures vanquished.

Notes
Turn   | Place    | Note
-------+----------+-------------------------------------------
     0 | D        | sircluck the Troll Berserker began the quest for the Orb.
     0 | D        | Reached XP level 1. HP: 22/22 MP: 0/0
     1 | D        | Noticed Ijyb
    25 | D        | Killed Ijyb
    26 | D        | Reached skill level 4 in Unarmed Combat
    26 | D        | Reached XP level 2. HP: 32/32 MP: 1/1
    35 | D        | Noticed an ogre
    41 | D        | Killed an ogre
    42 | D        | Reached skill level 5 in Fighting
    42 | D        | Reached skill level 5 in Unarmed Combat
    42 | D        | Reached XP level 3. HP: 42/42 MP: 2/2
    42 | D        | Reached XP level 4. HP: 50/50 MP: 3/3
    53 | D        | Noticed Sigmund
    58 | D        | Killed Sigmund
    58 | D        | Reached ** piety under Trog
    59 | D        | Reached skill level 7 in Unarmed Combat
    59 | D        | Reached XP level 5. HP: 59/61 MP: 4/4
    59 | D        | Reached XP level 6. HP: 66/68 MP: 5/5
    83 | D        | Found an ornate altar of the Wu Jian Council.
    83 | D        | Found a shimmering blue altar of Sif Muna.
    85 | D        | Found a radiant altar of Vehumet.
    91 | D        | Reached skill level 8 in Unarmed Combat
   126 | D        | Found Xearphis's Jewellery Emporium.
   126 | D        | Found an ancient bone altar of Kikubaaqudgha.
   126 | D        | Found a hazy altar of Hepliaklqana.
   126 | D        | Found a hide-covered altar of Uskayaw.
   126 | D        | Found a basalt altar of Yredelemnul.
   126 | D        | Found an opulent altar of Gozag.
   126 | D        | Found a snail-covered altar of Cheibriados.
   126 | D        | Found a sacrificial altar of Ru.
   126 | D        | Found a shadowy altar of Dithmenos.
   126 | D        | Noticed a yak
   129 | D        | Killed a yak
   133 | D        | Found a stormy altar of Qazlal.
   133 | D        | Found a blossoming altar of Fedhas.
   133 | D        | Found a bloodstained altar of Trog.
   133 | D        | Found an iron altar of Okawaru.
   133 | D        | Found a glowing golden altar of the Shining One.
   133 | D        | Found a glowing silver altar of Zin.
   133 | D        | Found a white marble altar of Elyvilon.
   134 | D        | Found a sparkling altar of Nemelex Xobeh.
   153 | D        | Found a burning altar of Makhleb.
   153 | D        | Found a viscous altar of Jiyva.
   153 | D        | Found a shimmering altar of Xom.
   153 | D        | Found a corrupted altar of Lugonu.
   153 | D        | Noticed a slime creature
   160 | D        | Killed a slime creature
   160 | D        | Reached *** piety under Trog
   161 | D        | Reached skill level 9 in Unarmed Combat
   161 | D        | Reached XP level 7. HP: 12/80 MP: 6/6
   234 | D        | Noticed a kobold demonologist
   235 | D        | Noticed a kobold demonologist
   237 | D        | Noticed a ynoxinul
   239 | D        | Paralysed by a floating eye for 2 turns
   240 | D        | Noticed a hellwing
   242 | D        | Noticed a sun demon
   242 | D        | Killed a kobold demonologist
   243 | D        | Reached skill level 10 in Unarmed Combat
   243 | D        | Noticed an orange demon
   247 | D        | Noticed an orange demon
   250 | D        | Slain by an orange demon

Illustrated notes

Levels and vault maps discovered:
D:        dungeon_sprint_1 [red_sonja_temple_1, red_sonja_temple_small_1]

Skill      XL: |  1  2  3  4  5  6  7 |
---------------+----------------------+-----
Fighting       | 3 5 6 8 9 |  9.0
Dodging        | 3 4 6 7 8 |  8.8
Unarmed Combat | 4 5 7 9 10 | 10.5

Action                     |  1- 3 |  4- 6 |  7- 9 || total
---------------------------+-------+-------+-------++-------
  Melee: Unarmed           |    13 |    15 |    13 ||    41
   Stab: Confused          |     1 |       |       ||     1
 Armour: Skin              |     5 |       |       ||     5
         Animal skin       |       |     1 |       ||     1
         Robe              |       |     6 |    22 ||    28
  Dodge: Dodged            |     7 |     2 |     8 ||    17

Table legend: (Time is in decaauts)
 A = Elapsed time spent in this place.
 B = Non-inter-level travel time spent in this place.
 C = Inter-level travel time spent in this place.
 D = Time resting spent in this place.
 E = Time spent auto-exploring this place.
 F = Levels seen in this place.
 G = Mean time per level.
                   A        B        C        D        E       F      G
               +--------+--------+--------+--------+--------+-----+--------+
         Total |    245 |    245 |      0 |     60 |     51 |   1 |  245.0 |
       Dungeon |    245 |    245 |      0 |     60 |     51 |   1 |  245.0 |
               +--------+--------+--------+--------+--------+-----+--------+

Top non-repeatable levels by time:
       D: 245 daAuts
